Cogmind - Beta 15 @@@ ROGUE MODE // 2025.06.28 @ 13:35:37 Player: Minty Result: Destroyed by K4-UUV(j) with Overtuned Pulse Rifle Performance ------------- Evolutions (0) 0 Regions Visited (3) 600 Robots Destroyed (4) 20 Value Destroyed (169) 169 Prototype IDs (12) 240 Alien Tech Used (0) 0 Bonus (800) 800 TOTAL SCORE: 1829 Bonus ------- Registered with UFD 300 Met Optimus in HQ 500 Cogmind --------- Core Integrity 0/250 Matter 240/300 Energy 240/240 System Corruption 0% Temperature Critical (526) Movement Treading (160) Location -8/Scraptown Parts ------- > --- POWER (1) -------- Nuclear Core > --- PROPULSION (2) --- Improved Treads Improved Treads > --- UTILITY (2) ------ Large Storage Unit Spectral Analyzer > --- WEAPON (2) ------- Battle Cannon Assault Cannon > --- INVENTORY (15) --- Improved Ion Engine Deuterium Engine Light Deuterium Engine Light Nuclear Core Improved Treads Subdweller Laser Autogun Autogun Autogun Autogun Battle Cannon Thermal Lance Peak State ------------ > --- POWER ------------ Nuclear Core > --- PROPULSION ------- Improved Treads Improved Treads > --- UTILITY ---------- Large Storage Unit Spectral Analyzer > --- WEAPON ----------- Assault Cannon Thermal Lance > --- INVENTORY -------- Improved Ion Engine Deuterium Engine Light Deuterium Engine Light Nuclear Core Improved Treads Improved Treads Subdweller Laser Autogun Autogun Autogun Autogun Battle Cannon Battle Cannon Assault Cannon Vortex Trap [Rating: 33] Favorites ----------- Power Nuclear Core Engine Light Ion Engine Power Core Nuclear Core Propulsion Improved Treads Treads Improved Treads Leg Aluminum Leg Utility Visual Processing Unit Storage Large Storage Unit Processor Visual Processing Unit Weapon Assault Cannon Energy Gun Medium Laser Ballistic Gun Autogun Ballistic Cannon Assault Cannon Piercing Weapon Thermal Lance Build | -11 -10 -10 -8 ------- Run | Yrd Mat Sub Scr Slots Evolved . | . . . . Power . | . . . . Propulsion . | . . . . Utility . | . . . . Weapon . | . . . . Parts Attached 23 | . 6 9 8 Power 3 | . . 2 1 Engine 2 | . . 2 . Core 1 | . . . 1 Reactor . | . . . . Propulsion 5 | . 2 2 1 Treads 5 | . 2 2 1 Leg . | . . . . Wheel . | . . . . Hover . | . . . . Flight . | . . . . Utility 4 | . 1 . 3 Device . | . . . . Storage 1 | . . . 1 Processor 3 | . 1 . 2 Hackware . | . . . . Protection . | . . . . Artifact . | . . . . Weapon 11 | . 3 5 3 Energy Gun 2 | . 1 1 . Energy Cannon . | . . . . Ballistic Gun 4 | . 2 2 . Ballistic Cannon 4 | . . 2 2 Launcher . | . . . . Special Weapon . | . . . . Impact Weapon . | . . . . Slashing Weapon . | . . . . Piercing Weapon 1 | . . . 1 Special Melee Weapon . | . . . . Unidentified Prototypes . | . . . . Parts Lost 3 | . . 1 2 Power 1 | . . 1 . Propulsion 1 | . . . 1 Utility . | . . . . Weapon 1 | . . . 1 Highest Loss Streak 2 | . . 1 2 To Critical Strikes . | . . . . Average Backups 10 | . 7 7 12 Power 1 | . . . 2 Propulsion 3 | . 5 4 2 Utility . | . . . . Weapon 4 | . 1 2 6 Tool/Special . | . . . . Unused Backups 17 | . 9 . 8 Power 4 | . . . 4 Propulsion 5 | . 4 . 1 Utility 4 | . 1 . 3 Weapon 4 | . 4 . . Tool/Special . | . . . . Average Slot Usage (%) 98 | . 93 97 100 Engine 5 | . 14 12 . Core 7 | . . . 13 Treads 27 | . 20 28 28 Storage 14 | . 14 14 14 Processor 13 | . 8 14 14 Ballistic Gun 9 | . 21 21 . Ballistic Cannon 18 | . . 6 27 Peak Build Rating 33 | . 11 14 33 Average Rating 17 | . 9 11 21 On Entrance 9 | 6 6 11 14 Naked Turns . | . . . . Heaviest Build 37 | 11 14 16 37 Greatest Support 46 | 20 40 46 46 Greatest Overweight (x) . | . . . . Average Overweight (x) . | . . . . Largest Inventory Capacity 15 | . 8 8 15 Average Capacity 11 | . 8 8 14 Most Carried 15 | . 8 8 15 Average Carried 10 | . 7 7 12 Final Capacity 15 | 8 8 8 15 Final Carried 12 | 6 8 8 12 Class Distribution -------------------- 55% | Derelict-Mutant 44% | Mutant Dominant Class ---------------- Mutant | -10/Materials Mutant | -10/Subcaves Derelict-Mutant | -8/Scraptown Resources | -11 -10 -10 -8 ----------- Run | Yrd Mat Sub Scr Matter Collected 510 | 154 98 173 85 Remotely . | . . . . Salvage Created 197 | . . 79 118 Parts 15 | . . 9 6 Haulers Intercepted . | . . . . Recyclers Shooed . | . . . . Parts Field Recycled . | . . . . Retrieved Matter . | . . . . Parts Self-Destructed 3 | . . 3 . Prevented . | . . . . Kills | -11 -10 -10 -8 ------- Run | Yrd Mat Sub Scr Combat Hostiles Destroyed 4 | . . 2 2 Guns 2 | . . 2 . Cannons 1 | . . . 1 Classes Destroyed 3 | . . 1 2 Subdweller 2 | . . 2 . Guru 1 | . . . 1 Scrapper 1 | . . . 1 Best Kill Streak 2 | . . 1 2 Combat Bots Only 2 | . . 1 2 Max Kills in Single Turn 1 | . . 1 1 Gunslinging . | . . . . Exploded . | . . . . Melee . | . . . . Uniques/NPCs Destroyed . | . . . . Combat | -11 -10 -10 -8 -------- Run | Yrd Mat Sub Scr Hostile Shots Fired 99 | . . 15 84 Missed 21 | . . 3 18 Hits 78 | . . 12 66 Projectile 78 | . . 12 66 Critical Strikes 3 | . . . 3 Damage Taken 1242 | . 8 266 968 Core 266 | . 8 60 198 Absorbed by Shields . | . . . . Regen/Repaired (Parts) 191 | . . . 191 Core Remaining (%) 100 | 100 . . . Volleys Fired 16 | . . 12 4 Largest 2 | . . 2 2 Hottest 83 | . . 83 74 Shots Fired 29 | . . 22 7 Gun 20 | . . 20 . Cannon 9 | . . 2 7 Launcher . | . . . . Special . | . . . . Kinetic 26 | . . 19 7 Thermal 3 | . . 3 . Explosive . | . . . . Electromagnetic . | . . . . Robot Hit Streak 8 | . . 6 8 Robot Miss Streak 2 | . . 1 2 Penetration Max . | . . . . Secondary Targets . | . . . . Shots Hit Robots 20 | . . 15 5 Core Hits 6 | . 1 4 1 Critical Kills 1 | . . . 1 Critical Parts Destroyed . | . . . . Critical Strikes 2 | . . . 2 Meltdown 1 | . . . 1 Blast 1 | . . . 1 Melee Attacks 3 | . . . 3 Thermal 3 | . . . 3 Impact . | . . . . Slashing . | . . . . Piercing . | . . . . Sneak Attacks . | . . . . Combat Hostiles . | . . . . Follow-up Attacks . | . . . . Damage Inflicted 311 | . 17 128 166 Guns 87 | . . 87 . Cannons 134 | . . 41 93 Explosions . | . . . . Melee 73 | . . . 73 Ramming 17 | . 17 . . Kinetic 221 | . . 128 93 Thermal 73 | . . . 73 Explosive . | . . . . Electromagnetic . | . . . . Impact . | . . . . Slashing . | . . . . Piercing . | . . . . Highest Corruption . | . . . . Average Corruption . | . . . . Corruption Purged . | . . . . Corruption Blocked . | . . . . Overload Shots . | . . . . Overflow Damage 68 | . . . 68 Projectiles . | . . . . Explosions . | . . . . Melee 68 | . . . 68 Knockbacks 2 | . . . 2 Impact . | . . . . Kinetic 1 | . . . 1 Secondary 1 | . . . 1 Self-Inflicted Damage . | . . . . Shots . | . . . . Rammed 3 | . 3 . . Targets Rammed 3 | . 3 . . Kicked . | . . . . Crushed . | . . . . Highest Temperature 490 | . . . 490 Average Temperature 231 | . . . 231 Received Heat Transfer 494 | . . 6 488 Siege Activations . | . . . . Martial Activations . | . . . . Shielding Activations . | . . . . Robots Disrupted . | . . . . Combat Hostiles . | . . . . Robots Corrupted . | . . . . Combat Hostiles . | . . . . Parts Fried . | . . . . Impact Corruptions . | . . . . Robots Melted 1 | . . . 1 Combat Hostiles 1 | . . . 1 Parts Melted 4 | . . 1 3 Heat Transferred 80 | . . . 80 Parts Sabotaged . | . . . . Parts Stolen . | . . . . Parts Stripped . | . . . . Power Chain Reactions . | . . . . Alert | -11 -10 -10 -8 ------- Run | Yrd Mat Sub Scr Maximum Alert Level . | . . . . Low Security (%) 100 | . 100 . . Level 1 . | . . . . Level 2 . | . . . . Level 3 . | . . . . Level 4 . | . . . . Level 5 . | . . . . High Security . | . . . . Max Security . | . . . . Peak Influence . | . . . . Initial . | . . . . Average . | . . . . Influence Increases . | . . . . Influence Decreases . | . . . . Squads Dispatched . | . . . . Investigation . | . . . . Extermination . | . . . . Reinforcement . | . . . . Assault . | . . . . Garrison . | . . . . Intercept . | . . . . Searches Triggered . | . . . . Construction Impeded . | . . . . Haulers Reinforced . | . . . . Active Scanning Responses . | . . . . Cargo Convoy Interrupts . | . . . . Stealth | -11 -10 -10 -8 --------- Run | Yrd Mat Sub Scr Distress Signals . | . . . . Communications Jammed . | . . . . Distress Signals . | . . . . Times Spotted 27 | . 3 6 18 Peak Tracking Total 12 | . 1 2 12 Tactical Retreats . | . . . . Traps | -11 -10 -10 -8 ------- Run | Yrd Mat Sub Scr Traps Triggered . | . . . . Indirectly . | . . . . Trap Hack Attempts . | . . . . Triggered . | . . . . Disarmed . | . . . . Reprogrammed . | . . . . Reused . | . . . . Traps Extracted . | . . . . Installed . | . . . . Triggered . | . . . . Most Traps Carried 1 | . . . 1 Machines | -11 -10 -10 -8 ---------- Run | Yrd Mat Sub Scr Machines Disabled 1 | . . . 1 Max in Single Turn 1 | . . . 1 Machines Repaired . | . . . . Machines Dismantled . | . . . . Machines Sabotaged . | . . . . Overloaded Fab Kills . | . . . . Hacking | -11 -10 -10 -8 --------- Run | Yrd Mat Sub Scr Machines Accessed 3 | . . . 3 Terminals . | . . . . Fabricators . | . . . . Repair Stations . | . . . . Recycling Units . | . . . . Scanalyzers . | . . . . Garrison Access . | . . . . Total Hacks 11 | . . . 11 Successful 11 | . . . 11 Failed . | . . . . Catastrophic . | . . . . Database Lockouts . | . . . . Manual . | . . . . Terminals . | . . . . Fabricators . | . . . . Repair Stations . | . . . . Recycling Units . | . . . . Scanalyzers . | . . . . Garrison Access . | . . . . Terminal Hacks 11 | . . . 11 Record 5 | . . . 5 Robot Analysis 5 | . . . 5 Proto ID Catalog 1 | . . . 1 Fabricator Hacks . | . . . . Repair Station Hacks . | . . . . Recycling Unit Hacks . | . . . . Scanalyzer . | . . . . Garrison Access Hacks . | . . . . Unauthorized Hacks . | . . . . Terminals . | . . . . Fabricators . | . . . . Repair Stations . | . . . . Recycling Units . | . . . . Scanalyzers . | . . . . Garrison Access . | . . . . Data Cores Recovered . | . . . . Used . | . . . . Hacking Detections . | . . . . Full Trace Events . | . . . . Feedback Events . | . . . . Feedback Blocked . | . . . . Robot Schematics Acquired . | . . . . Robots Built . | . . . . Authchips . | . . . . Time . | . . . . Total Robot Build Rating . | . . . . Part Schematics Acquired . | . . . . Parts Built . | . . . . Authchips . | . . . . Time . | . . . . Total Part Build Rating . | . . . . Parts Repaired . | . . . . Time . | . . . . Parts Recycled . | . . . . Recycled Matter . | . . . . Retrieved Matter . | . . . . Retrieved Components . | . . . . Parts Scanalyzed . | . . . . Part Schematics Acquired . | . . . . Parts Damaged . | . . . . Bothacking | -11 -10 -10 -8 ------------ Run | Yrd Mat Sub Scr Used RIF Installer . | . . . . Robots Hacked . | . . . . Non-combat . | . . . . Combat . | . . . . Robot Hacks Applied . | . . . . Relay Couplers Released . | . . . . Fabnet Peak Effective % . | . . . . Robots Rewired . | . . . . Allies Hacked . | . . . . Hacks Repelled . | . . . . Allies | -11 -10 -10 -8 -------- Run | Yrd Mat Sub Scr Total Allies . | . . . . Largest Group . | . . . . Highest-Rated Group . | . . . . Highest-Rated Ally . | . . . . Total Orders . | . . . . Ally Attacks . | . . . . Total Damage . | . . . . Kills . | . . . . Allies Corrupted . | . . . . Allies Melted 2 | . . . 2 Intel | -11 -10 -10 -8 ------- Run | Yrd Mat Sub Scr Active Infowar (turns) 2189 | . 113 775 1301 Optics 2189 | . 113 775 1301 Robot Analysis Total 5 | . . . 5 Derelict Logs Recovered 1 | . . 1 . Drone Launches . | . . . . Drone Recoveries . | . . . . Exploration | -11 -10 -10 -8 ------------- Run | Yrd Mat Sub Scr Turns Passed 2258 | . 182 775 1301 Spaces Moved 1107 | 1 105 436 565 Core . | . . . . Treads 1076 | . 75 436 565 Legs 31 | 1 30 . . Wheels . | . . . . Hover . | . . . . Flight . | . . . . Fastest Speed 120 | 120 120 160 160 Average Speed 158 | 120 148 160 160 Slowest Speed 160 | 120 160 160 160 Overloaded Moves . | . . . . Propulsion Burnouts . | . . . . Robots Hopped . | . . . . Potential Cave-ins . | . . . . Cave-ins Triggered . | . . . . Exploration Rate (%) 26 | 2 27 35 41 Regions Visited 3 Branch Regions 2 Pre-discovered Areas 1 | . . 1 . Known Exits Taken . | . . . . Unknown Exits Taken 3 | 1 1 1 . Scrap Searched 7 | . . 4 3 Spaces Dug . | . . . . Terrain Destroyed 2 | . . . 2 Melee . | . . . . Projectile 2 | . . . 2 AOE . | . . . . Terrain Rammed . | . . . . Walls Destroyed . | . . . . Machines Disabled . | . . . . Actions | -11 -10 -10 -8 --------- Run | Yrd Mat Sub Scr Total 1573 | . 131 493 949 Wait 381 | . 4 25 352 Move 1104 | . 104 435 565 Hop . | . . . . Pick Up 21 | . 7 5 9 Fast Attach 2 | . 1 1 . Attach 4 | . 2 . 2 Detach 2 | . 2 . . Swap 22 | . 3 9 10 Drop 15 | . 5 6 4 Fire 16 | . . 12 4 Melee 3 | . . . 3 Ram . | . . . . Kick . | . . . . Crush 3 | . 3 . . Escape Stasis . | . . . . Rewire . | . . . . Trap . | . . . . Miscellaneous . | . . . . Route ------- -11/Scrapyard -10/Materials -10/Subcaves (discovered 2 exits: *Scr x2) -8/Scraptown History --------- Turn | Location | Event 1 | -11/Scrapyard | Discovered new exit (range 0) 1 | -11/Scrapyard | Entered Materials 2 | -10/Materials | Met a group of wandering Federalists 166 | -10/Materials | Discovered new exit (range 10) 183 | -10/Materials | Entered Subcaves 183 | -10/Subcaves | Accompanied by 1 ally 184 | -10/Subcaves | Continued accompanying wandering Federalists (4) 184 | -10/Subcaves | Approached by a straggling Scientist 244 | -10/Subcaves | A swath of the cavern ceiling suddenly collapsed 253 | -10/Subcaves | Learned location of Zion (-7) 253 | -10/Subcaves | Met a Zionite searching for "candidates" 300 | -10/Subcaves | Build established: Mutant 331 | -10/Subcaves | Learned Materials trap positions 431 | -10/Subcaves | Wandering Federalist uncovered a shortcut to Scraptown 434 | -10/Subcaves | Scientist uncovered a shortcut to Scraptown 705 | -10/Subcaves | Disturbed a concealed Subdweller 958 | -10/Subcaves | Entered Scraptown 1080 | -8/Scraptown | Visited CR-KLE's Repair Center 1093 | -8/Scraptown | CR-KLE repaired 4 parts 1117 | -8/Scraptown | Visited Artisan Demo Area 1152 | -8/Scraptown | Visited UFD Registry 1155 | -8/Scraptown | Registered with UFD as "Autoninja" 1226 | -8/Scraptown | Visited Chapter 10 1264 | -8/Scraptown | Visited Research Penetration Think Tank 1285 | -8/Scraptown | Build established: Derelict-Mutant 1305 | -8/Scraptown | Visited Science Guys 1367 | -8/Scraptown | Visited DA-N13 Charitable Foundation 1382 | -8/Scraptown | Found DCF Scrap (30 items) 1515 | -8/Scraptown | Visited Infowarlord's Domain 1533 | -8/Scraptown | Found Spectral Analyzer 1603 | -8/Scraptown | Visited Analyses Database 1640 | -8/Scraptown | Visited Abandonware Association 1658 | -8/Scraptown | Learned abandonware demo "HACKBUD.EXE" 1658 | -8/Scraptown | Learned abandonware demo "TRNCOAT.EXE" 1790 | -8/Scraptown | Met Optimus 1790 | -8/Scraptown | Accepted into 0bPrime 2190 | -8/Scraptown | Civil war broke out across Scraptown 2196 | -8/Scraptown | Found Thermal Lance 2246 | -8/Scraptown | Core integrity fell below 50% 2254 | -8/Scraptown | Core integrity fell below 20% 2259 | -8/Scraptown | Destroyed by K4-UUV(j) with Overtuned Pulse Rifle Last Messages --------------- 02245_ KP-S2Z(j) suffers critical hit (Meltdown). 02245_ Mak. Microdissipator Network melted. 02245_ Ovr. Titanium Leg melted. 02245_ Ovr. Pulse Rifle melted. 02246_ Penetrated by Bolt. 02248_ K4-UUV(j) heat damages Mak. Microdissipator Network. 02248_ Penetrated by Bolt. 02250_ Assault Cannon destroyed. 02251_ PS-3UO(g) switches sides. 02251_ Penetrated by Bolt. 02251_ PS-3UO(g) destroyed. 02252_ Imp. Treads destroyed. 02253_ Penetrated by Bolt. 02255_ Critical hit (Burn: +50). 02256_ Penetrated by Bolt. 02256_ Bolt penetrates Wall. 02257_ Dropped Vortex Trap. 02258_ OS-2QC(p) knocked back. 02258_ OS-2QC(p) destroyed. 02259_ Penetrated by Bolt. Map ----- +----------------------------------------------------+ | | | | | | | | | ?????????????????????????????????????????????????? | | ?????????????????????????????????????????????????? | | ?????????????????????????????????????????????????? | | ?????????????????????????????????????????????????? | | ?????????????????????????????????????????????????? | | ?????????????????????????????????????????????????? | | ?????????????????????????????????????????????????? | | ?????????????????????????????????????????????????? | | ?????????????????????????????????????????????????? | | ?????????????????????????????????????????????????? | | ?????????????????????????????????????????????????? | | ?????????????????????????????????????????????????? | | ?????????????????????????????????????????????????? | | ???????????????????????####??????????????????????? | | ?????????????????????### ##?????????????????????? | | ?????????????????????#; =!##????????????????????? | | ????????????????????? =j%=?????????????????????? | | ?????????????????????? %=jjg?????????????????????? | | ???????????????????????!j*p#?????????????????????? | | ???????????????????????#j!h#?????????????????????? | | ???????????????????????#%%*############??????????? | | ???#######?????????????#*@#"""""""""""#??????????? | | ??""""""""?????????????#!&#""" X """""#??????????? | | ?? " ##????????????# #"""" """#??????????? | | #"" #?##########?# #"" " "#??????????? | | #"" #?#""""""""##; #""!" """#??????????? | | #"""" #?#""""" ""### #"" """"#??????????? | | #"" " #?#"" "#?# # ""#??????????? | | #"""" #?#"" "#?# # " "" ""#??????????? | | #"" #?#"" #?# # " "" ""#??????????? | | ?? #??#"" "#?# #" #??????????? | | ???? ???#" #?# # "#??????????? | | ?????# #????###### ###?# ## ##########??????????? | | ###### ########### #####!%## ##??????????????????? | | """""" """"""""""" """""=!"" "#?????##??##???????? | | !!%= "#????""?"""""#?????? | | = / "#??? " " " "#?????? | | =%! 3 "#?? &"#?????? | | =% ! "## &"#?????? | | *%= = &"#?????? | | """""""""""""" "" !"" "## ""#?????? | | """""""""""""""""""""""" #?? " " " "#?????? | | #### ################"" "#??? """"""""#?????? | | ##????????#"" "##########?#???????? | | X"#????????#""! ! "## ! #??????????? | | "" "" ##????????#""===*!"## * % #??????????? | +----------------------------------------------------+ Best States ------------- Heat Dissipation 25 Energy Generation 15 Energy Capacity 240 Matter Stores 300 Matter Capacity 300 Sight Range 24 Terrain Scan Density 10 Evasion (%) 55 Recoil Reduction 2 Item Schematics ----------------- None Robot Schematics ------------------ None Fabricated ------------ Nothing Repaired ---------- Nothing Alien Tech Used ----------------- None Achievements -------------- None Challenges ------------ None Game ------ Seed SmartNanofilamentsPlating Manual? 0 Play Time 00:12:12 Cumulative 1131.4 hours Start 2025.06.28 @ 13:25:28 End 2025.06.28 @ 13:35:37 Sessions 1 Manual Loads 0 Difficulty Rogue Special Mode None Game No. 1390 Rogue 1106 Adventurer 124 Explorer 160 Win Type - Total 50 Types 36/0/8/4/1/0/0/1/0/0 Lore% 92 Gallery% 88 Achievement% 81 Wizard Run 0 Options --------- Layout 0 ASCII 0 Keyboard 1 Movement Numpad Keybinds 0 Fullscreen 2 Font 18/X11 Map View 76x50 Zoom Use 0% Tactical HUD 1 Map Filters NONE Filters NONE Steam 1 RUN: 803a8c30-05dc-41d3-9e27-e681ef9c152c